AoeStats
← MatzeAoE

MegaRandom

505549706Analyzed
2v2 RM · 23d ago on Sep 9, 2026· 26m 59s· 4 players
Game mode
Random Map
Map size
Medium (4 player)
Population
200
Speed
Normal
Resources
Standard
Victory
Conquest
Starting age
Dark Age
Ending age
Imperial Age
RankedLock teamsTeams togetherTeam positionsShared explorationLock speedFull tech treeHidden civsTurbo modeCheats
Victory
Defeat
🇫🇷 Japanese · France
1739
+6
🇫🇷 Lithuanians · France
1605
+10
🇩🇪 Mongols · Germany
1540
-10
🇩🇪 Berbers · Germany
1416
-6
Lianki
5:16 Loom
9:33 Feudal Age
13:04 Forging
13:00 Double-Bit Axe
13:43 Scale Barding Armor
19:42 Castle Age
19:48 Fletching
20:09 Bloodlines
20:29 Bodkin Arrow
24:17 Husbandry
26:10 Padded Archer Armor
TocToc.Marc-A
4:49 Loom
9:45 Feudal Age
10:43 Double-Bit Axe
11:38 Town Watch
14:46 Forging
19:02 Castle Age
18:36 Bloodlines
18:48 Fishing Lines
19:29 Scale Barding Armor
20:41 Husbandry
21:26 Horse Collar
25:45 Chain Barding Armor
26:11 Devotion
Red_Iffun
8:20 Loom
10:58 Feudal Age
12:14 Double-Bit Axe
15:15 Horse Collar
18:30 Castle Age
18:35 Bloodlines
19:22 Bow Saw
19:23 Gold Mining
22:17 Scale Barding Armor
23:22 Heavy Plow
26:16 Wheelbarrow
MatzeAoE
7:34 Loom
9:47 Feudal Age
10:19 Double-Bit Axe
13:25 Town Watch
17:59 Castle Age
17:52 Bloodlines
Connection lost

Rejoining the realm…

Still unreachable

The connection could not be restored.

Session expired

The server has moved on; the page needs a fresh start.